 Dungeon Crawl Stone Soup version 0.15-a0-1206-g3bad1a6 (webtiles) character file.

120115 mrokjakchuj the Warrior (level 16, -2/122 HPs)
             Began as a High Elf Fighter on June 1, 2014.
             Was a High Priest of Okawaru.
             Killed from afar by an Ice Fiend (51 damage)
             ... with a bolt of cold
             ... summoned by a deep elf demonologist
             ... on Level 3 of the Elven Halls.
             The game lasted 01:44:37 (32040 turns).

mrokjakchuj the Warrior (High Elf Fighter)         Turns: 32040, Time: 01:44:37

HP  -2/122       AC 37     Str 25      XL: 16   Next: 29%
MP  22/23        EV  8     Int 14      God: Okawaru [*****.]
Gold 572         SH 35     Dex 16      Spells:  0 memorised, 15 levels left

rFire  . . .     SeeInvis .     d - +8 autumn katana {slice, Clar}
rCold  . . .     Clarity  +     k - +7 plate armour of Faghat {rElec Acc+4}
rNeg   + . .     rCorr    .     D - +1 shield {rPois}
rPois  +         rRot     .     u - +0 helmet
rElec  +         Spirit   .     U - +2 cloak {rPois}
SustAb .         Warding  .     L - +3 pair of gauntlets of War {Acc+5 Dam+5}
rMut   .         Stasis   .     C - +0 pair of boots
Gourm  .                        (no amulet)
MR     +....                    a - +5 ring of strength
                                P - ring of positive energy

@: heroism, drained, somewhat resistant to hostile enchantments, extremely
unstealthy
A: no striking features
a: Heroism, Finesse, Renounce Religion


You were on level 3 of the Elven Halls.
You worshipped Okawaru.
Okawaru was extremely pleased with you.
You were not hungry.

You visited 5 branches of the dungeon, and saw 27 of its levels.
You also visited: Ossuary.

You collected 2915 gold pieces.
You spent 2343 gold pieces at shops.

Inventory:

Hand weapons
 d - the +8,+8 autumn katana (weapon) {slice, Clar}
   (You acquired it in an ossuary)

   It inflicts extra damage upon your enemies.
   It protects you against confusion.
 I - a +4,+5 scimitar of flaming
 J - the +1,+4 crossbow of Kliutz {venom, +Fly SInv, unknown}
   (Okawaru gifted it to you on level 4 of the Orcish Mines)

   It poisons the ammo it fires.
   It enhances your eyesight.
   It lets you fly.
Armour
 k - the +7 plate armour of Faghat (worn) {rElec Acc+4}
   (Okawaru gifted it to you on level 1 of the Elven Halls)

   It affects your accuracy with ranged weapons and melee attacks (+4).
   It insulates you from electricity.
 n - a +4 plate armour of magic resistance
 u - a +0 helmet (worn)
 C - a +0 pair of boots (worn)
 D - a +1 shield of poison resistance (worn)
 L - the +3 pair of gauntlets of War (worn) {Acc+5 Dam+5}
   (You bought it in a shop on level 4 of the Orcish Mines)

   It affects your accuracy with ranged weapons and melee attacks (+5).
   It affects your damage with ranged weapons and melee attacks (+5).
 U - a +2 cloak of poison resistance (worn)
Magical devices
 m - a wand of disintegration (13)
 q - a wand of paralysis (20)
 w - a wand of paralysis (9)
 E - a wand of heal wounds (6)
 G - a wand of slowing (14) {unknown}
 K - a wand of fireball (3)
 Q - a wand of lightning (4)
 X - a wand of fire (3)
 Y - a wand of confusion (10) {unknown}
Comestibles
 g - 55 fruits
 H - 3 meat rations
 R - 2 bread rations
 T - 2 royal jellies
Scrolls
 b - 6 scrolls of magic mapping
 h - 3 scrolls of fog
 j - 9 scrolls of enchant weapon I
 p - 5 scrolls of blinking
 s - 13 scrolls of remove curse
 v - 7 scrolls of teleportation
 y - a scroll of summoning
 F - 5 scrolls of fear
 V - 3 scrolls of recharging
Jewellery
 a - a +5 ring of strength (right hand)
 t - an uncursed ring of sustain abilities
 z - an uncursed ring of teleportation
 P - a ring of positive energy (left hand)
Potions
 f - 3 potions of brilliance
 i - 3 potions of flight
 l - 2 potions of haste
 o - 17 potions of curing
 r - a potion of resistance
 x - 3 potions of invisibility
 A - 5 potions of agility
 B - 2 potions of mutation
 N - 4 potions of heal wounds
 O - a potion of berserk rage
Miscellaneous
 M - a sack of spiders


   Skills:
 - Level 15.3(19.8) Fighting
 - Level 15.1(19.7) Long Blades
 * Level 13.5(18.0) Armour
 - Level 15.0(19.5) Shields


You had 15 spell levels left.
You didn't know any spells.

Dungeon Overview and Level Annotations

Branches:
Dungeon (11/15)            Temple (1/1) D:6             Orc (4/4) D:11
    Elf (3/3) Orc:3          Lair (8/8) D:9          Shoals (0/5) Lair:4
 Spider (0/5) Lair:3        Slime (0/6) Lair:7

Altars:
Cheibriados
Elyvilon
Fedhas
Kikubaaqudgha
Makhleb
Nemelex Xobeh
Okawaru
Sif Muna
Trog
Vehumet
The Shining One
Beogh

Shops:
D:9 :   Orc:3 =   Orc:4 **[(   Elf:1 [(=?

Portals:
Hell: Lair:8


Message History

You enter a teleport trap!
Your surroundings suddenly seem different. 6 elves come into view.
You are covered in liquid flames!
The deep elf demonologist shouts!
The deep elf sorcerer shouts!
The deep elf demonologist shouts!
The deep elf demonologist gestures wildly while chanting.
You block the deep elf demonologist's attack.
Found a cutlass and a scroll of amnesia.
The deep elf high priest calls down the wrath of its god upon you.
Something smites you!
The deep elf demonologist gestures wildly while chanting.
The deep elf sorcerer gestures at you while chanting.
The bolt of negative energy hits you! You partially resist.
You feel drained.
The deep elf high priest utters a dark prayer and points at you.
Your life force is offered up.
You see here a cutlass.
The Ice Fiend gestures at you. The bolt of cold hits you!
You die...

..).#
#.########......
.##.#
#.#........###.#
.#### ############
#.# .# #.# .#
######## #.# .#
#......####.# ยง# #
#+##...........# .#
..#
###..#######.......
Z#.......# ###)@..#
########
4..........##e1...##
..e..ee...e.......#
#######
#..e.....e...e...##
#...<.# ##
###...........e..#
#####.# #.
##......##...## #.#
#. #..... #..1# #.#
#. ..... e?...
#.######. ... .....#
#.:......


You could see a Brimstone Fiend, an Ice Fiend, a deep elf annihilator, a deep
elf sorcerer, 2 deep elf demonologists, a deep elf high priest and a deep elf
mage.

Vanquished Creatures
  A deep elf blademaster (Elf:2)
  3 deep elf master archers (Elf:2)
  Kirke (Elf:1)
  Maud (Elf:1)
  2 orc warlords
  2 deep elf sorcerers
  A stone giant (Orc:4)
  3 deep elf demonologists
  3 deep elf annihilators
  2 dire elephants (Lair:8)
  Snorg (Orc:4)
  A large abomination (Elf:1)
  4 deep elf death magi
  A green death (Elf:2)
  The ghost of ghwc the Fighter, a powerful GrBe of Trog (Lair:5)
  A blizzard demon (Elf:2)
  Fannar (Orc:3)
  Erica (Orc:3)
  A death yak (Lair:8)
  9 hydras
  7 orc high priests (Orc:4)
  4 spectral elves (Elf:2)
  Urug (Elf:1)
  A spriggan (Lair:7)
  An ice devil (Elf:2)
  A wizard (Lair:8)
  A hell beast (Lair:8)
  A sun demon (Orc:4)
  15 deep elf knights
  4 hill giants
  An orb spider (Lair:3)
  Erolcha (Orc:3)
  6 deep elf summoners
  2 griffons (Lair:8)
  2 orc knights (Orc:4)
  9 deep elf conjurers
  A sixfirhy (Orc:4)
  A cyclops (Orc:3)
  2 oklob plants
  7 orc sorcerers
  A manticore (Lair:4)
  3 black mambas
  9 elephants
  9 spiny frogs
  A gargoyle (D:11)
  An item mimic (Lair:5)
  4 orange demons
  3 feature mimics
  2 hellwings
  3 red devils (Lair:8)
  4 blue devils (Lair:8)
  6 komodo dragons
  A giant firefly (Lair:7)
  2 polar bears
  14 deep elf priests
  3 two-headed ogres
  8 trolls
  4 fire drakes (Lair:8)
  5 blink frogs (Lair:7)
  30 deep elf magi
  2 redbacks
  3 basilisks
  A tarantella (Elf:1)
  19 yaks
  A hill giant zombie (D:11)
  2 wyverns
  7 hippogriffs
  A hog (Elf:1)
  22 deep elf fighters
  A hungry ghost (D:11)
  9 wargs
  9 water moccasins
  10 wolves
  4 sky beasts
  4 yellow wasps
  3 black bears
  5 ice beasts
  12 porcupines
  50 orc warriors
  18 ogres
  6 centaurs
  9 giant slugs
  5 elf zombies (Ossuary)
  A big kobold (D:8)
  13 crocodiles
  The ghost of bryaneu the Ruinous, an average DECj (D:3)
  16 giant frogs
  9 killer bees
  3 scorpions
  10 wights
  A troll zombie (D:10)
  6 crimson imps
  36 orc priests
  2 centaur skeletons (D:11)
  A gnoll shaman (D:6)
  A giant frog zombie (D:8)
  10 iguanas
  11 jellies
  8 hounds
  4 human zombies
  5 centaur zombies
  38 orc wizards
  A two-headed ogre skeleton (D:9)
  Natasha (twice) (D:6)
  An orange rat (Elf:2)
  8 worker ants
  A mottled dragon zombie (D:11)
  Ijyb (D:2)
  A big kobold skeleton (D:9)
  Terence (D:3)
  3 mummies (Ossuary)
  57 green rats
  A worker ant zombie (D:4)
  6 gnolls (D:6)
  2 shadow imps
  26 adders
  5 giant mites
  An inept feature mimic (D:7)
  7 worms
  13 giant geckos
  12 oozes
  306 orcs
  19 bats
  A bat skeleton (D:6)
  6 giant cockroaches
  40 goblins
  21 hobgoblins
  14 jackals
  17 kobolds
  12 quokkas
  A ball python (D:2)
  3 giant newts
  A goblin zombie (D:4)
  A jackal zombie (D:6)
  2 kobold skeletons
  A quokka zombie (D:4)
  20 rats
  A rat zombie (D:6)
  3 ballistomycetes (D:10)
  2 fungi
  A plant (Lair:6)
1221 creatures vanquished.

Vanquished Creatures (others)
  2 humans (Elf:1)
  2 deep elf fighters
  A giant spore (D:10)
  5 fungi (D:7)
10 creatures vanquished.

Grand Total: 1231 creatures vanquished

Notes
Turn   | Place    | Note
--------------------------------------------------------------
     0 | D:1      | mrokjakchuj, the High Elf Fighter, began the quest for the Orb.
     0 | D:1      | Reached XP level 1. HP: 16/16 MP: 2/2
   484 | D:1      | Reached XP level 2. HP: 13/21 MP: 3/3
   997 | D:1      | Reached skill level 4 in Long Blades
  1268 | D:2      | Reached XP level 3. HP: 23/26 MP: 5/5
  1812 | D:2      | Noticed Ijyb
  1873 | D:2      | Reached skill level 5 in Long Blades
  1881 | D:2      | Killed Ijyb
  1881 | D:2      | Reached XP level 4. HP: 14/31 MP: 7/7
  2571 | D:2      | Found a radiant altar of Vehumet.
  2808 | D:3      | Noticed bryaneu's ghost (average DECj)
  3121 | D:3      | Found a deep blue altar of Sif Muna.
  3138 | D:3      | Noticed Terence
  3152 | D:3      | Killed Terence
  3327 | D:3      | Reached skill level 6 in Long Blades
  3363 | D:3      | Killed bryaneu's ghost
  3363 | D:3      | Reached XP level 5. HP: 26/36 MP: 8/8
  3460 | D:3      | Reached skill level 7 in Long Blades
  3705 | D:3      | Found a blossoming altar of Fedhas.
  4046 | D:4      | Reached XP level 6. HP: 38/42 MP: 10/10
  4167 | D:4      | Found a sand-covered staircase.
  4174 | Ossuary  | Entered an ossuary
  4189 | Ossuary  | Reached skill level 8 in Long Blades
  4251 | Ossuary  | Reached skill level 9 in Long Blades
  4410 | Ossuary  | Reached XP level 7. HP: 42/46 MP: 12/12
  4484 | Ossuary  | Reached skill level 10 in Long Blades
  4966 | Ossuary  | Identified a scroll of acquirement
  5063 | D:4      | Found a snail-covered altar of Cheibriados.
  5127 | D:4      | Found a burning altar of Makhleb.
  5303 | D:5      | Entered Level 5 of the Dungeon
  5370 | D:5      | Found a sparkling altar of Nemelex Xobeh.
  5411 | D:5      | Reached skill level 11 in Long Blades
  5471 | D:5      | Reached XP level 8. HP: 52/52 MP: 13/13
  5811 | D:6      | Reached skill level 12 in Long Blades
  5955 | D:6      | Noticed Natasha
  5963 | D:6      | Killed Natasha
  6048 | D:6      | Reached skill level 13 in Long Blades
  6077 | D:6      | Found a staircase to the Ecumenical Temple.
  6297 | D:6      | Noticed Natasha
  6304 | D:6      | Killed Natasha
  6495 | D:6      | Reached XP level 9. HP: 50/56 MP: 15/15
  6755 | D:7      | Gained mutation: Your mind is acute. (Int +2) [potion of beneficial mutation]
  6756 | D:7      | Gained mutation: You are partially covered in icy blue scales (AC +1). [potion of beneficial mutation]
  6915 | D:7      | Found a snail-covered altar of Cheibriados.
  6951 | D:7      | Reached skill level 14 in Long Blades
  6967 | D:7      | Noticed an oklob plant
  7057 | D:7      | Killed an oklob plant
  7318 | D:7      | Reached skill level 15 in Long Blades
  7621 | D:8      | Reached skill level 5 in Fighting
  8036 | D:8      | Reached XP level 10. HP: 65/69 MP: 17/17
  8593 | D:9      | Found Ejeojuh's Book Shoppe.
  8789 | D:9      | Found a staircase to the Lair.
  9076 | Temple   | Entered the Ecumenical Temple
  9080 | Temple   | Became a worshipper of Warmaster Okawaru
  9198 | D:10     | Entered Level 10 of the Dungeon
  9296 | D:10     | Acquired Okawaru's first power
  9933 | D:10     | Noticed a hill giant
  9957 | D:10     | Killed a hill giant
  9957 | D:10     | Reached skill level 10 in Fighting
 10344 | D:11     | Noticed a hill giant
 10349 | D:11     | Killed a hill giant
 10349 | D:11     | Reached XP level 11. HP: 52/83 MP: 18/18
 10519 | D:11     | Found a staircase to the Orcish Mines.
 11117 | D:11     | Noticed a hill giant
 11125 | D:11     | Killed a hill giant
 11391 | D:11     | Noticed a hill giant
 11401 | D:11     | Killed a hill giant
 11585 | Orc:1    | Entered Level 1 of the Orcish Mines
 12003 | Lair:1   | Entered Level 1 of the Lair of Beasts
 12319 | Lair:1   | Noticed a seven-headed hydra
 12343 | Lair:2   | Noticed a five-headed hydra
 12596 | Lair:3   | Acquired Okawaru's second power
 12682 | Lair:3   | Noticed an eight-headed hydra
 13066 | Orc:2    | Found a bloodstained altar of Trog.
 13577 | Orc:3    | Noticed Fannar
 13590 | Orc:3    | Killed Fannar
 13590 | Orc:3    | Received a gift from Okawaru
 13590 | Orc:3    | Reached XP level 12. HP: 78/96 MP: 19/19
 13621 | Orc:3    | Found a staircase to the Elven Halls.
 13750 | Orc:3    | Found Schuwoydd's Jewellery Shop.
 13831 | Orc:3    | Noticed Erolcha
 13837 | Orc:3    | Noticed Erica
 13853 | Orc:3    | Killed Erica
 14075 | Orc:3    | Noticed an orc warlord
 14090 | Orc:3    | Killed an orc warlord
 14090 | Orc:3    | Reached skill level 15 in Fighting
 14403 | Orc:3    | Killed Erolcha
 15212 | Orc:4    | Entered Level 4 of the Orcish Mines
 15505 | Orc:4    | Reached skill level 5 in Shields
 15782 | Orc:4    | Received a gift from Okawaru
 15783 | Orc:4    | Got a pair of steaming gloves {god gift}
 15786 | Orc:4    | Identified the -1 pair of gloves of Maow {Str+2} (Okawaru gifted it to you on level 4 of the Orcish Mines)
 16565 | Orc:4    | Noticed Snorg
 16577 | Orc:4    | Killed Snorg
 16819 | Orc:4    | Found a roughly hewn altar of Beogh.
 16820 | Orc:4    | Found Daschabb's Weapon Boutique.
 16910 | Orc:4    | Reached XP level 13. HP: 24/104 MP: 20/20
 17229 | Orc:4    | Found Osot's Antique Armour Shop.
 17246 | Orc:4    | Bought the +3 pair of gauntlets of War {Acc+5 Dam+5} for 1740 gold pieces
 18069 | Orc:4    | Received a gift from Okawaru
 18070 | Orc:4    | Got a dazzling crossbow {god gift}
 18170 | Orc:4    | Noticed an orc warlord
 18193 | Orc:4    | Killed an orc warlord
 18193 | Orc:4    | Reached skill level 10 in Shields
 18483 | Orc:4    | Noticed a stone giant
 18494 | Orc:4    | Killed a stone giant
 18697 | Orc:4    | Found Epaismuh's General Store.
 19487 | Orc:4    | Found Ecue's General Store.
 20094 | Orc:4    | Bought a potion of curing for 32 gold pieces
 20149 | Orc:4    | Found a roughly hewn altar of Beogh.
 20528 | Lair:1   | Received a gift from Okawaru
 20564 | Lair:1   | Killed a two-headed hydra
 21455 | Lair:2   | Killed a hydra
 22114 | Lair:3   | Killed a four-headed hydra
 22114 | Lair:3   | Received a gift from Okawaru
 22439 | Lair:3   | Found a hole to the Spider Nest.
 22439 | Lair:3   | Noticed an orb spider
 22464 | Lair:3   | Killed an orb spider
 22709 | Lair:3   | Reached XP level 14. HP: 110/110 MP: 21/21
 23424 | Lair:4   | Found a staircase to the Shoals.
 23845 | Lair:5   | Noticed ghwc's ghost (powerful GrBe)
 23855 | Lair:5   | Killed ghwc's ghost
 26313 | Lair:7   | Found a staircase to the Slime Pits.
 26511 | Lair:7   | Received a gift from Okawaru
 26541 | Lair:8   | Entered Level 8 of the Lair of Beasts
 26862 | Lair:8   | Reached skill level 15 in Shields
 27069 | Lair:8   | Received a gift from Okawaru
 27247 | Lair:8   | Received a gift from Okawaru
 27318 | Lair:8   | Reached skill level 5 in Armour
 27343 | Lair:8   | Found a burning altar of Makhleb.
 27409 | Lair:8   | Found a gateway to Hell.
 27444 | Lair:8   | Reached XP level 15. HP: 102/116 MP: 22/22
 27911 | Elf:1    | Entered Level 1 of the Elven Halls
 27911 | Elf:1    | Noticed Urug
 27924 | Elf:1    | Noticed Maud
 27942 | Elf:1    | Killed Maud
 27942 | Elf:1    | Received a gift from Okawaru
 27967 | Elf:1    | Killed Urug
 28430 | Elf:1    | Noticed Kirke
 28442 | Elf:1    | Killed Kirke
 28587 | Elf:1    | Found Klul's Antique Armour Boutique.
 28701 | Elf:1    | Found Jauteirr's Magic Scroll Shoppe.
 28708 | Elf:1    | Bought a scroll of identify for 36 gold pieces
 29178 | Elf:1    | Found Itron's Jewellery Boutique.
 29192 | Elf:1    | Reached skill level 10 in Armour
 29204 | Elf:1    | Bought a +5 ring of strength for 535 gold pieces
 29220 | Elf:1    | Received a gift from Okawaru
 29221 | Elf:1    | Got a crude plate armour {god gift}
 29243 | Elf:1    | Identified the +7 plate armour of Faghat {rElec Acc+4} (Okawaru gifted it to you on level 1 of the Elven Halls)
 29286 | Elf:1    | Found Guaheiz's Weapon Emporium.
 29743 | Elf:2    | Noticed a deep elf blademaster
 29743 | Elf:2    | Noticed a deep elf master archer
 29743 | Elf:2    | Noticed a deep elf master archer
 29743 | Elf:2    | Noticed a deep elf master archer
 29764 | Elf:2    | Killed a deep elf blademaster
 29773 | Elf:2    | Killed a deep elf master archer
 29780 | Elf:2    | Killed a deep elf master archer
 29791 | Elf:2    | Noticed an Ice Fiend
 29808 | Elf:2    | Killed a deep elf master archer
 30964 | Elf:2    | Received a gift from Okawaru
 31025 | Elf:2    | Reached XP level 16. HP: 122/122 MP: 23/23
 31181 | Elf:3    | Entered Level 3 of the Elven Halls
 31320 | Elf:3    | Noticed an Executioner
 31441 | Elf:3    | Gained mutation: You evolve. [potion of beneficial mutation]
 31605 | Elf:3    | Gained mutation: Your body is slowly deteriorating. [evolution]
 31633 | Elf:3    | Lost mutation: You evolve. [potion of cure mutation]
 31633 | Elf:3    | Lost mutation: Your body is slowly deteriorating. [potion of cure mutation]
 31633 | Elf:3    | Lost mutation: Your mind is acute. (Int +2) [potion of cure mutation]
 31633 | Elf:3    | Lost mutation: You are partially covered in icy blue scales (AC +1). [potion of cure mutation]
 32032 | Elf:3    | Noticed a deep elf master archer
 32034 | Elf:3    | Noticed a deep elf blademaster
 32035 | Elf:3    | Noticed a Brimstone Fiend
 32037 | Elf:3    | Noticed an Ice Fiend
 32038 | Elf:3    | Noticed a Brimstone Fiend
 32040 | Elf:3    | Killed from afar by an Ice Fiend

Action                   |  1- 3 |  4- 6 |  7- 9 | 10-12 | 13-15 | 16-18 || total
-------------------------+-------+-------+-------+-------+-------+-------++-------
Melee: Long sword        |   199 |   262 |   119 |       |       |       ||   580
       Katana            |       |       |   307 |  1016 |  1307 |   105 ||  2735
       Scimitar          |       |       |       |       |    56 |       ||    56
Invok: Heroism           |       |       |       |     4 |    13 |     2 ||    19
Evoke: Wand              |       |       |       |     2 |     5 |       ||     7
  Use: Potion            |     3 |       |     3 |     4 |     8 |     2 ||    20
       Scroll            |       |       |    21 |     7 |    17 |     1 ||    46
 Stab: Fleeing           |       |       |       |     1 |       |       ||     1
